 Dungeon Crawl Stone Soup version 0.27.0-1-g7a089689b8 (webtiles) character file.

Game seed: 11623510295124279529

46 SnakkuSnakku7 the Skirmisher (level 3, 0/30 HPs)
             Began as a Formicid Berserker on Aug 14, 2021.
             Was a Believer of Trog.
             Succumbed to a kobold's poison
             ... on level 2 of the Dungeon.
             The game lasted 00:01:56 (978 turns).

SnakkuSnakku7 the Skirmisher (Formicid Berserker)    Turns: 978, Time: 00:01:57

Health: 0/30       AC:  2    Str: 22    XL:     3   Next: 92%
Magic:  3/3        EV: 12    Int:  6    God:    Trog [**....]
Gold:   30         SH:  0    Dex: 10    Spells: 2/2 levels left

rFire    . . .     SeeInvis +   a - +0 hand axe
rCold    . . .     Faith    +   (no shield)
rNeg     . . .     Spirit   .   b - +0 animal skin
rPois    .         Reflect  .   (helmet unavailable)
rElec    .         Harm     .   (no cloak)
rCorr    .         Rampage  .   (no gloves)
Will     ++...                  (no boots)
Stlth    +.........             d - amulet of faith
HPRegen  1.10/turn              (no ring)
MPRegen  0.08/turn              (no ring)

@: lethally poisoned (0 -> -9), strong-willed, regenerating
A: permanent stasis, dig shafts and tunnels, antennae 3, four strong arms
a: Dig, Shaft Self, Renounce Religion, Trog's Hand


You were on level 2 of the Dungeon.
You worshipped Trog.
Trog was pleased with you.
You visited 1 branch of the dungeon, and saw 2 of its levels.

You collected 30 gold pieces.

Inventory:

Hand Weapons
 a - a +0 hand axe (weapon)
Armour
 b - a +0 animal skin (worn)
Jewellery
 d - an amulet of faith (around neck)
Scrolls
 e - 4 scrolls of amnesia {unknown}
Potions
 c - a potion of attraction {unknown}
 f - a potion of flight {unknown}


   Skills:
 + Level 4.2 Fighting
 + Level 3.8 Axes
 - Level 2.1 Armour
 - Level 1.7 Dodging


You had 2 spell levels left.
You didn't know any spells.
Your spell library was empty.

Dungeon Overview and Level Annotations

Branches:
Dungeon (2/15)

Altars:


Innate Abilities, Weirdness & Mutations

You cannot be hasted, slowed, berserked, paralysed or teleported.
You can dig through walls and to a lower floor.
You have a pair of large antennae on your head. (SInv)
Your four strong arms can wield two-handed weapons with a shield.


Message History

A giant cockroach comes into view.
You are too injured to fight recklessly!
You are too injured to fight recklessly!
You are too injured to fight recklessly!
The giant cockroach bites you.
You slash the giant cockroach!
You kill the giant cockroach!
Trog accepts your kill.
You see here a giant cockroach corpse.
A goblin comes into view. It is wielding a +0 club.
A goblin is nearby!
You hit the goblin but do no damage. The goblin hits you but does no damage.
You closely miss the goblin. The goblin barely misses you.
The goblin hits you with a +0 club.
You completely miss the goblin. The goblin hits you with a +0 club.
* * * LOW HITPOINT WARNING * * *
You hit the goblin.
You kill the goblin!
Trog accepts your kill.
You now have 30 gold pieces (gained 15).
Things that are here:
a +0 club; a +0 robe You start resting.
A kobold comes into view. It is wielding a +2 dagger of venom.
A giant cockroach comes into view.
The kobold hits you with a +2 dagger of venom.
* * * LOW HITPOINT WARNING * * *
You are lethally poisoned!
You closely miss the kobold.
* * * LOW HITPOINT WARNING * * *
You feel very sick.
The hobgoblin shouts!
The kobold closely misses you. The kobold completely misses you.
Your skin crawls.
You feel strong-willed.
* * * LOW HITPOINT WARNING * * *
You feel sick. The giant cockroach closely misses you.
The kobold hits you but does no damage.
You are lethally poisoned!
You die...

###### #....# #.##.####
#.##....## #)#####).### #
#########.#........###.##.
#.................<>......
#...........K.@........###
#...........B....)......#
#.....)............###..#
########...###.....# ...
.....#....##..... #. {
...g..#.##.#####..#
......... ... .#
......>....... { .
.)......####....


You could see a giant cockroach, a hobgoblin and a kobold.

Vanquished Creatures
  A dart slug (D:1)
  9 endoplasms (D:1)
  3 giant cockroaches
  6 goblins
  3 hobgoblins (D:1)
  2 quokkas
  4 ball pythons (D:1)
  2 bats (D:1)
  2 frilled lizards (D:1)
  4 kobolds
  2 rats (D:1)
38 creatures vanquished.

Notes
Turn   | Place    | Note
-------+----------+-------------------------------------------
     0 | D:1      | SnakkuSnakku7 the Formicid Berserker began the quest for
                  | the Orb.
     0 | D:1      | Reached XP level 1. HP: 18/18 MP: 1/1
    49 | D:1      | Reached XP level 2. HP: 20/24 MP: 2/2
   365 | D:1      | Reached XP level 3. HP: 13/30 MP: 3/3
   486 | D:1      | Reached skill level 4 in Fighting
   619 | D:1      | Reached ** piety under Trog
   740 | D:1      | Found a faded altar of an unknown god.
   978 | D:2      | Succumbed to a kobold's poison

Illustrated notes

Levels and vault maps discovered:
D:1:      lightli_arrival_statue_moat, layout_rooms,
          dreamdust_ecumenical_altar_angels_and_demons
D:2:      layout_rooms, uniq_sigmund

Skill      XL: |  1  2  3 |
---------------+----------+-----
Fighting       | 4 |  4.2
Axes           | |  3.8
Armour         | |  2.1
Dodging        | |  1.7

Action                   || total
-------------------------++-------
Melee: Hand axe          ||   102
Invok: Trog's Hand       ||     1
Armor: Animal skin       ||    12
Dodge: Dodged            ||    60
